 Dungeon Crawl Stone Soup version 0.14-a0-1637-gd423c14 (webtiles) character file.

1079 M4edhros the Covert (level 8, -2/48 HPs)
             Began as an Octopode Artificer on Dec 26, 2013.
             Slain by an orc wizard
             ... wielding a +0,+0 orcish dagger
              (4 damage)
             ... on Level 5 of the Dungeon.
             The game lasted 00:06:31 (3004 turns).

M4edhros the Covert (Octopode Artificer)            Turns: 3004, Time: 00:06:31

HP  -2/48        AC  1     Str 10      XL: 8   Next: 14%
MP  12/12        EV 14     Int 17      God:
Gold 127         SH  0     Dex 12      Spells:  0 memorised,  7 levels left

rFire  . . .     SeeInvis .     g - +2 whip (freeze)
rCold  . . .     Clarity  .     (no shield)
rNeg   . . .     Conserve .     (helmet restricted)
rPois  .         rCorr    .     (no amulet)
rElec  .         rRot     .     (no ring)
SustAb . .       Spirit   .     (no ring)
rMut   .         Warding  .     (no ring)
Saprov . . .     Stasis   .     (no ring)
                                (no ring)
                                (no ring)
                                (no ring)
                                (no ring)

@: confused, slightly resistant to hostile enchantments, stealthy
A: almost no armour, amphibious, 8 rings, constrict 8, camouflage 1, gelatinous
body 1
a: no special abilities


You were on level 5 of the Dungeon.
You were near starving.

You visited 1 branch of the dungeon, and saw 5 of its levels.

You collected 127 gold pieces.

Inventory:

Hand weapons
 a - a +0,+0 short sword
 g - a +2,+2 whip of freezing (weapon)
Magical devices
 b - a wand of flame (7)
 c - a wand of enslavement (10)
 d - a wand of random effects (12)
 e - a wand of fireball (2)
Comestibles
 f - 2 bread rations
 k - 2 chokos
 n - an apple
Scrolls
 h - a scroll of recharging
 i - a scroll of enchant weapon I {unknown}
 j - 5 scrolls of identify
 m - a scroll of blinking


   Skills:
 - Level 1.0 Fighting
 - Level 1.0 Short Blades
 + Level 5.9 Dodging
 - Level 10.1 Stealth
 - Level 3.2 Evocations


You had 7 spell levels left.
You didn't know any spells.

Dungeon Overview and Level Annotations

Branches:
Dungeon (5/16)
 Temple: D:4-7

Altars:
Trog
Vehumet


Innate Abilities, Weirdness & Mutations

You cannot wear most types of armour.
You are amphibious.
You can wear up to eight rings at the same time.
You can use your tentacles to constrict many enemies at once.
Your skin changes colour to match your surroundings (Stlth).
Your rubbery body absorbs attacks (AC +1).


Message History

* * * LOW HITPOINT WARNING * * *
You barely miss it. It hits you but does no damage.
You barely miss it. It barely misses you.
You completely miss it. It hits you.
* * * LOW HITPOINT WARNING * * *
You closely miss it.
You hear some strange, mumbled words.
You are confused.
You aren't carrying any potions.
Ouch! It hits you.
* * * LOW HITPOINT WARNING * * *
You barely miss it. It hits you.
* * * LOW HITPOINT WARNING * * *
You completely miss it. It hits you but does no damage.
You closely miss it. It hits you.
* * * LOW HITPOINT WARNING * * *
It hits you.
* * * LOW HITPOINT WARNING * * *
It hits you.
You die...

#K# #.##....).......
#.# #.........#.####
#@# #...#...#....@.#
#.###...#...#...##.#
#)#.#..{#...#.####.#
#...[..%.......# #.#
#.#.##....{....###.#
#.#.##....)..(......
#.#@#####...######.#
#.#.# #...# #.#
#.#.# #...# #.#
#.#.# ##.## #.#
#.#.# #.# #.# #.#.#
#.# ####.. #.#.# #..
....... #)#.# #
######
#.#.################


There were no monsters in sight!

Vanquished Creatures
  Pikel (D:5)
  2 ogres (D:5)
  A crimson imp (D:5)
  2 jellies (D:5)
  An iguana (D:4)
  An orc priest (D:4)
  A hound (D:4)
  2 orc wizards
  2 worker ants (D:4)
  A worm (D:5)
  A giant eyeball (D:4)
  6 giant geckos
  6 orcs
  4 bats
  A giant cockroach (D:4)
  8 goblins
  6 hobgoblins
  2 giant newts
  6 jackals
  3 kobolds
  6 rats
63 creatures vanquished.

Vanquished Creatures (collateral kills)
  An orc wizard (D:4)
1 creature vanquished.

Vanquished Creatures (others)
  2 slaves (D:5)
  A centaur (D:5)
  An orc wizard (D:5)
  An orc (D:5)
5 creatures vanquished.

Grand Total: 69 creatures vanquished

Notes
Turn   | Place    | Note
--------------------------------------------------------------
     0 | D:1      | M4edhros, the Octopode Artificer, began the quest for the Orb.
     0 | D:1      | Reached XP level 1. HP: 13/13 MP: 1/1
   359 | D:1      | Reached XP level 2. HP: 16/18 MP: 3/3
   623 | D:2      | Found a bloodstained altar of Trog.
   947 | D:2      | Reached skill level 4 in Stealth
   978 | D:2      | Reached XP level 3. HP: 23/23 MP: 4/4
  1094 | D:3      | Gained mutation: Your vision is a little blurry. [potion of mutation]
  1094 | D:3      | Gained mutation: Your mind is acute. (Int +2) [potion of mutation]
  1094 | D:3      | Gained mutation: Your magical capacity is low (-10% MP). [potion of mutation]
  1115 | D:4      | Reached skill level 5 in Stealth
  1186 | D:4      | Reached XP level 4. HP: 28/28 MP: 5/5
  1494 | D:4      | Reached skill level 6 in Stealth
  1546 | D:4      | Reached XP level 5. HP: 16/33 MP: 6/6
  1660 | D:4      | Reached skill level 7 in Stealth
  2051 | D:5      | Entered Level 5 of the Dungeon
  2101 | D:5      | Reached skill level 8 in Stealth
  2149 | D:5      | Noticed an ogre
  2156 | D:5      | Reached XP level 6. HP: 32/38 MP: 8/8
  2175 | D:5      | Killed an ogre
  2175 | D:5      | Reached skill level 9 in Stealth
  2385 | D:5      | Noticed a slave
  2387 | D:5      | Noticed Pikel
  2406 | D:5      | Lost mutation: Your vision is a little blurry. [potion of cure mutation]
  2406 | D:5      | Lost mutation: Your magical capacity is low (-10% MP). [potion of cure mutation]
  2406 | D:5      | Lost mutation: Your mind is acute. (Int +2) [potion of cure mutation]
  2444 | D:5      | Noticed an ogre
  2450 | D:5      | Killed an ogre
  2564 | D:5      | Reached skill level 10 in Stealth
  2564 | D:5      | Reached XP level 7. HP: 13/43 MP: 10/10
  2786 | D:5      | Noticed a slave
  2786 | D:5      | Noticed a slave
  2786 | D:5      | Noticed a slave
  2788 | D:5      | Noticed a centaur
  2824 | D:5      | Killed Pikel
  2824 | D:5      | Reached skill level 5 in Dodging
  2824 | D:5      | Reached XP level 8. HP: 48/48 MP: 12/12
  2844 | D:5      | Killed a centaur
  2852 | D:5      | Killed a freed slave
  2866 | D:5      | Found a radiant altar of Vehumet.
  2891 | D:5      | Killed a freed slave
  3003 | D:5      | HP: 2/48 [something (1)]
  3004 | D:5      | Slain by an orc wizard

Action                   |  1- 3 |  4- 6 |  7- 9 || total
-------------------------+-------+-------+-------++-------
Melee: Short sword       |    52 |    81 |     2 ||   135
       Whip              |       |       |    17 ||    17
Evoke: Wand              |     1 |    11 |     8 ||    20
  Use: Potion            |     2 |     5 |     1 ||     8
       Scroll            |       |     5 |       ||     5
 Stab: Sleeping          |     5 |     9 |     1 ||    15
